 Dungeon Crawl Stone Soup version 0.27.1-35-g4d5d836560 (webtiles) character file.

Game seed: 14325388804725637279

16247 Flarelocke the Grappler (level 12, -9/110 HPs)
             Began as a Troll Monk on May 26, 2022.
             Was a High Priest of Hepliaklqana.
             Shot with a bolt by a yaktaur captain (11 damage)
             ... on level 13 of the Dungeon.
             The game lasted 00:57:39 (11440 turns).

Flarelocke the Grappler (Troll Monk)               Turns: 11440, Time: 00:57:40

Health: -9/110     AC: 17    Str: 26    XL:     12   Next: 8%
Magic:  16/16      EV: 12    Int:  6    God:    Hepliaklqana [*****.]
Gold:   912        SH:  0    Dex: 12    Spells: 11/11 levels left

rFire    . . .     SeeInvis .   L - +2 scimitar (flame)
rCold    . . .     Faith    +   (no shield)
rNeg     . . .     Spirit   .   z - +0 acid dragon scales
rPois    .         Reflect  .   (helmet restricted)
rElec    .         Harm     .   v - +0 cloak
rCorr    +         Rampage  .   (gloves unavailable)
Will     .....                  (boots unavailable)
Stlth    +.........             q - amulet of faith
HPRegen  1.28/turn              n - +4 ring of protection
MPRegen  0.15/turn              M - +4 ring of protection

@: no status effects
A: reduced essence, large, unfitting armour, claws 3, regeneration 1, shaggy fur
1, tough skin 1
a: Renounce Religion, Recall Ancestor, Ancestor Identity, Transference, Idealise


You were on level 13 of the Dungeon.
You worshipped Hepliaklqana.
Hepliaklqana was extremely pleased with you.
You visited 2 branches of the dungeon, and saw 14 of its levels.
You also visited: Bailey.

You collected 1202 gold pieces.
You spent 290 gold pieces at shops.

Inventory:

Hand Weapons
 b - a +0 morningstar
 J - a +3 mace of venom
 L - a +2 scimitar of flaming (weapon)
Missiles
 D - 7 boomerangs (quivered)
 E - 2 throwing nets
Armour
 v - a +0 cloak (worn)
 z - +0 acid dragon scales (worn)
Jewellery
 a - a ring of protection from cold
 n - a +4 ring of protection (left claw)
 q - an amulet of faith (around neck)
 x - a ring of ice
 F - a ring of resist corrosion
 M - a +4 ring of protection (right claw)
Wands
 f - a wand of acid (24)
 p - a wand of charming (8)
 N - a wand of paralysis (7)
Scrolls
 c - 10 scrolls of teleportation
 d - a scroll of acquirement {unknown}
 e - 2 scrolls of immolation
 j - a scroll of torment {unknown}
 m - 2 scrolls of identify
 r - 3 scrolls of fear
 t - 2 scrolls of enchant weapon {unknown}
 u - a scroll of blinking {unknown}
 w - a scroll of vulnerability {unknown}
 y - a scroll of holy word {unknown}
 A - 3 scrolls of enchant armour {unknown}
 C - a scroll of brand weapon {unknown}
 G - 5 scrolls of magic mapping
 H - a scroll of amnesia
Potions
 g - 4 potions of flight
 h - 5 potions of curing
 i - a potion of might {unknown}
 k - 4 potions of brilliance
 l - a potion of lignification
 o - a potion of cancellation
 s - a potion of degeneration {unknown}
 B - a potion of invisibility
 K - a potion of mutation {unknown}
 O - a potion of heal wounds
Miscellaneous
 I - a lightning rod (4/4)


   Skills:
 + Level 9.0 Fighting
 + Level 0.4 Long Blades
 + Level 3.6 Maces & Flails
 + Level 8.8 Dodging
 - Level 1.1 Stealth
 + Level 10.5 Unarmed Combat
 + Level 7.8 Invocations


You had 11 spell levels left.
You didn't know any spells.
Your spell library contained the following spells:

 Spells                   Type           Power      Damage    Failure   Level
 Beastly Appendage        Tmut           0%         N/A       52%         1
 Corona                   Hex            0%         N/A       52%         1
 Magic Dart               Conj           0%         1d3       52%         1
 Call Imp                 Summ           0%         N/A       67%         2
 Ensorcelled Hibernation  Hex/Ice        0%         N/A       67%         2
 Static Discharge         Conj/Air       0%         N/A       67%         2
 Wereblood                Tmut           0%         N/A       67%         2
 Dazzling Flash           Conj/Hex       0%         N/A       88%         3
 Mephitic Cloud           Conj/Pois/Air  0%         N/A       88%         3
 Spider Form              Tmut/Pois      0%         N/A       88%         3
 Summon Guardian Golem    Hex/Summ       0%         N/A       88%         3
 Tukima's Dance           Hex            0%         N/A       88%         3
 Iskenderun's Mystic Bla  Conj/Tloc      0%         2d3       99%         4
 Blade Hands              Tmut           0%         N/A       100%        5
 Irradiate                Conj/Tmut      0%         3d14      100%        5
 Lightning Bolt           Conj/Air       0%         1d11      100%        5
 Starburst                Conj/Fire      0%         6d3       100%        6
 Dragon Form              Tmut           0%         N/A       100%        7
 Orb of Destruction       Conj           0%         N/A       100%        7
 Spellforged Servitor     Conj/Summ      0%         N/A       100%        7
 Maxwell's Capacitive Co  Air            0%         ∞         100%        8


Dungeon Overview and Level Annotations

Branches:
Dungeon (13/15)            Temple (1/1) D:6            Lair (0/6) D:9
    Orc (0/2) D:11         Bailey (visited)
 Vaults: D:13-14

Altars:
Ashenzari
Cheibriados
Dithmenos
Elyvilon
Fedhas
Gozag
Hepliaklqana
Kikubaaqudgha
Makhleb
Nemelex Xobeh
Okawaru
Qazlal
Ru
Sif Muna
Trog
Uskayaw
Vehumet
Wu Jian
Xom
Yredelemnul
Zin
The Shining One

Shops:
D:2 [   D:6 ?   D:8 ?   D:11 (

Annotations:
D:7 2 transporters, Selrock's ghost, novice DjCj
D:8 exclusion: manticore
D:10 Erolcha


Innate Abilities, Weirdness & Mutations

Your life essence is reduced to manifest your ancestor. (-10% HP)
You are too large for most types of armour.
You have claws for hands.
Your natural rate of healing is unusually fast.
You are covered in fur. (AC +1)
You have tough skin. (AC +1)


Message History

You kill the four-headed hydra!
Your Fighting skill increases to level 9!
You start resting.
HP restored.
You swap places.
You see here a +0 ring mail.
Found a stone staircase leading down.
Found 8 boomerangs.
A yaktaur and a yaktaur captain come into view.
Found a ring mail.
The yaktaur captain shouts!
A yaktaur comes into view.
The yaktaur captain wields a +0 arbalest.
The yaktaur captain shoots a bolt.
The bolt hits you!!
The yaktaur wields a +0 arbalest.
The yaktaur shoots a bolt.
The bolt hits you!!
The yaktaur captain shoots a bolt.
The bolt hits you!!
* * * LOW HITPOINT WARNING * * *
The yaktaur captain shoots a bolt.
The bolt closely misses you.
The yaktaur captain shoots a bolt.
The bolt hits Tertia!
The yaktaur shoots a bolt.
The bolt hits Tertia.
The yaktaur captain shoots a bolt.
The bolt hits Tertia!!!
Tertia is destroyed!
You see here a +0 ring mail. 2 centaurs, a centaur warrior and a tengu warrior come into view.
The tengu warrior shouts!
The centaur shouts!
The centaur warrior shouts!
You hear a shout!
The centaur wields a +0 shortbow.
The centaur shoots an arrow.
The arrow hits you.
The centaur warrior wields a +0 shortbow.
The centaur warrior shoots an arrow.
The arrow hits you.
The centaur shouts!
The centaur shoots an arrow.
The arrow hits you!
The centaur shoots an arrow.
The arrow hits you.
The centaur warrior shoots an arrow.
The arrow hits you!!
* * * LOW HITPOINT WARNING * * *
The yaktaur captain shoots a bolt.
The bolt hits you!!
* * * LOW HITPOINT WARNING * * *
The yaktaur captain shoots a bolt.
The bolt hits you!
You die...

.### ##.## ## #..# # ##.## #####
#..#####...## ##...##......###
##...............
##...##...........
##...###..........#
###.@####...........#
###...#####...........#
##.........#...........#
###.......#Qc............#
##.........#.c)c..........# ###
#..........#Q)∩c...(......# ..##
##..c......#..)...........# ...##
##cc......#....c.........#
....####.........####..........##


You could see a yaktaur captain and 2 yaktaurs.

Vanquished Creatures
  Harold (D:11)
  A boulder beetle (D:13)
  2 hydras
  2 orc knights (Bailey)
  2 cyclopes
  A gargoyle (D:11)
  An unseen horror (D:11)
  An efreet (D:13)
  A troll (D:12)
  A slime creature (D:12)
  A wyvern (D:7)
  7 yaks
  A vampire (D:10)
  A wraith (D:10)
  A golden eye (shapeshifter) (D:13)
  A steam dragon (D:7)
  4 vampire mosquitoes
  5 orc warriors
  A hornet zombie (D:8)
  2 sky beasts
  An ice beast (D:7)
  A necrophage (D:4)
  2 wolves (D:8)
  An ogre (D:4)
  4 centaurs
  A phantom (D:4)
  2 bullfrogs
  2 wyvern zombies
  A killer bee (D:8)
  2 hounds (D:7)
  2 centaur zombies (D:7)
  A jelly (D:5)
  2 centaur skeletons
  6 orc priests
  2 gnoll shamans
  A bullfrog skeleton (D:5)
  9 orc wizards
  A killer bee zombie (D:7)
  2 hound zombies (D:5)
  17 gnolls
  5 adders
  A howler monkey skeleton (D:4)
  A shadow imp (D:4)
  An ufetubus (D:4)
  An adder skeleton (D:4)
  2 worms
  14 orcs
  6 bats
  5 endoplasms
  3 giant cockroaches
  12 goblins
  14 hobgoblins
  4 jackals (D:1)
  3 quokkas
  9 ball pythons
  4 frilled lizards
  17 kobolds
  5 rats (D:1)
204 creatures vanquished.

Vanquished Creatures (collateral kills)
  2 cyclopes
  2 unseen horrors
  2 trolls
  3 slime creatures (D:12)
  A vampire (D:12)
  2 shadows
  Grum (D:8)
  5 yaks
  A wyvern (D:8)
  An acid dragon (D:10)
  A black bear (D:6)
  An orc warrior (D:8)
  2 wolves (D:8)
  A centaur (D:10)
  2 kobold brigands
  A gnoll sergeant (D:9)
  A bullfrog (D:9)
  2 killer bees (D:8)
  A water moccasin skeleton (D:6)
  4 wights (D:8)
  An electric eel (D:8)
  2 howler monkeys
  2 centaur zombies
  A jelly (D:6)
  An orc priest (D:11)
  5 orc wizards
  A howler monkey zombie (D:6)
  A gnoll (D:9)
  An adder (D:6)
  10 orcs
  A goblin (D:8)
  16 kobolds
78 creatures vanquished.

Vanquished Creatures (others)
  6 battlemagi
  7 fungi (D:9)
  8 plants (D:9)
21 creatures vanquished.

Grand Total: 303 creatures vanquished

Notes
Turn   | Place    | Note
-------+----------+-------------------------------------------
     0 | D:1      | Flarelocke the Troll Monk began the quest for the Orb.
     0 | D:1      | Reached XP level 1. HP: 22/22 MP: 0/0
   184 | D:1      | Reached XP level 2. HP: 29/29 MP: 1/1
   418 | D:1      | Reached XP level 3. HP: 36/36 MP: 2/2
   957 | D:2      | Found Unongaaf's Antique Armour Shop.
   983 | D:2      | Found a faded altar of an unknown god.
  1029 | D:2      | Reached XP level 4. HP: 45/45 MP: 3/3
  1696 | D:4      | Noticed a necrophage
  1701 | D:3      | Reached skill level 4 in Unarmed Combat
  1816 | D:4      | Noticed an ogre
  1944 | D:4      | Reached XP level 5. HP: 53/53 MP: 4/4
  2010 | D:4      | Killed a necrophage
  2011 | D:4      | Reached XP level 6. HP: 61/62 MP: 5/5
  2551 | D:5      | Entered Level 5 of the Dungeon
  2591 | D:4      | Reached skill level 5 in Unarmed Combat
  2641 | D:4      | Reached XP level 7. HP: 27/71 MP: 6/6
  3266 | D:6      | Found a staircase to the Ecumenical Temple.
  3274 | Temple   | Entered the Ecumenical Temple
  3452 | Temple   | Became a worshipper of Hepliaklqana the Forgotten
  3452 | Temple   | Reached * piety under Hepliaklqana
  3452 | Temple   | Reached ** piety under Hepliaklqana
  3453 | Temple   | Remembered your ancestor Tertia as a battlemage
  3552 | D:6      | Reached skill level 5 in Fighting
  3552 | D:6      | Reached skill level 6 in Unarmed Combat
  3724 | D:6      | Found Isikh's Magic Scroll Boutique.
  3740 | D:6      | Bought a scroll of fear for 35 gold pieces
  3740 | D:6      | Bought a scroll of noise for 10 gold pieces
  3740 | D:6      | Bought a scroll of magic mapping for 35 gold pieces
  3740 | D:6      | Bought a scroll of identify for 20 gold pieces
  3740 | D:6      | Bought a scroll of teleportation for 30 gold pieces
  3760 | D:6      | Reached XP level 8. HP: 72/72 MP: 7/7
  3784 | D:6      | Reached skill level 5 in Dodging
  3825 | D:6      | Reached skill level 1 in Invocations
  4006 | D:6      | Found a burning altar of Makhleb.
  4007 | D:6      | Found an ancient bone altar of Kikubaaqudgha.
  4153 | D:7      | Found a blossoming altar of Fedhas.
  4204 | D:7      | Reached skill level 7 in Unarmed Combat
  4455 | D:7      | Reached *** piety under Hepliaklqana
  4462 | D:7      | Found a transporter.
  4481 | D:7      | Found a transporter.
  4482 | D:7      | Noticed Selrock's ghost (novice DjCj)
  4604 | D:7      | Noticed a queen bee
  4754 | D:7      | Reached XP level 9. HP: 78/80 MP: 10/10
  4800 | D:7      | Found a basalt altar of Yredelemnul.
  4941 | D:8      | Found Ugoghat's Magic Scroll Emporium.
  5089 | D:8      | Noticed a manticore
  5202 | D:8      | Found a broken altar of Ashenzari.
  5595 | D:8      | Noticed Grum
  5608 | D:8      | Reached skill level 8 in Unarmed Combat
  5609 | D:8      | Killed Grum
  6377 | D:2      | Bought an embroidered scarf for 160 gold pieces
  6712 | D:9      | Reached **** piety under Hepliaklqana
  6761 | D:9      | Found a radiant altar of Vehumet.
  6847 | D:9      | Reached XP level 10. HP: 88/91 MP: 12/12
  6865 | D:9      | Reached skill level 5 in Invocations
  6912 | D:9      | Found a staircase to the Lair.
  7252 | D:10     | Entered Level 10 of the Dungeon
  7664 | D:10     | Reached skill level 9 in Unarmed Combat
  7853 | D:10     | Reached ***** piety under Hepliaklqana
  7963 | D:10     | Noticed Erolcha
  8027 | D:11     | Found a staircase to the Orcish Mines.
  8203 | D:11     | Noticed a cyclops
  8257 | D:11     | Killed a cyclops
  8370 | D:11     | Noticed Harold
  8377 | D:11     | Killed Harold
  8378 | D:11     | Reached XP level 11. HP: 39/99 MP: 14/14
  8884 | D:11     | Noticed a six-headed hydra
  8884 | D:11     | Noticed an eight-headed hydra
  9002 | D:11     | Found Zoimp's Weapon Shoppe.
  9438 | D:12     | Reached skill level 1 in Maces & Flails
  9499 | D:12     | Noticed an eight-headed hydra
  9513 | D:12     | Killed an eight-headed hydra
  9636 | D:12     | Reached skill level 10 in Unarmed Combat
 10114 | D:13     | Found a stormy altar of Qazlal.
 10176 | D:13     | Found a flagged portal.
 10190 | Bailey   | Entered a bailey
 10215 | Bailey   | Noticed an orc knight
 10215 | Bailey   | Noticed an orc knight
 10253 | Bailey   | Killed an orc knight
 10272 | Bailey   | Killed an orc knight
 10555 | D:13     | Noticed an eight-headed hydra
 11107 | D:13     | Noticed a boulder beetle
 11120 | D:13     | Killed a boulder beetle
 11121 | D:13     | Reached XP level 12. HP: 108/109 MP: 16/16
 11276 | D:13     | Killed a four-headed hydra
 11401 | D:13     | Noticed a yaktaur captain
 11437 | D:13     | Noticed a tengu warrior
 11437 | D:13     | Noticed a centaur warrior
 11439 | D:13     | HP: 1/110 [yaktaur captain/bolt (26)]
 11440 | D:13     | Shot with a bolt by a yaktaur captain

Illustrated notes

Levels and vault maps discovered:
D:1:      lemuel_arrival_rhombus, layout_loops_cross
D:2:      layout_basic, basic_ecumenical_altar, serial_shops,
          nicolae_diamond_shop, st_stairs_8
D:3:      layout_basic, minmay_cut_off
D:4:      minmay_angry_zag, layout_basic
D:5:      layout_rooms
D:6:      layout_basic, gammafunk_temple_overflow_statue,
          minmay_temple_entry_glass, serial_shops, nicolae_stop_n_shop_1
D:7:      layout_loops_cross, mainiacjoe_overflow_chevrons,
          lemuel_zombie_altar_yredelemnul, gammafunk_ghost_hive,
          minmay_a_box_with_orc_wizards_in_it
D:8:      layout_cave_pods, overflow_temple_1_default, serial_shops, shop,
          corexii_checkpoint_a, nicolae_water_bricks, uniq_grum
D:9:      layout_loops_ring, mainiacjoe_overflow_surrounded_room,
          grunt_lair_entry_orc_guard_hut
D:10:     layout_stronghold, uniq_erolcha
D:11:     minmay_the_grid_square_5x5_5x5_mashed
          [minmay_the_grid_square_5x5_almost_minimal,
          minmay_the_grid_square_5x5_two,
          minmay_the_grid_square_5x5_tetrominoes,
          minmay_the_grid_square_5x5_two_walls_a,
          minmay_the_grid_square_5x5_slash, minmay_the_grid_square_5x5_shrine2,
          minmay_the_grid_square_5x5_prize_junk,
          minmay_the_grid_square_5x5_three_small,
          minmay_the_grid_square_5x5_prize_pseudospiral,
          minmay_the_grid_square_5x5_minivault,
          minmay_the_grid_square_5x5_trominoes,
          minmay_the_grid_square_5x5_three_walls,
          minmay_the_grid_square_5x5_prize_open,
          minmay_the_grid_square_5x5_bridge,
          minmay_the_grid_square_5x5_bracketed,
          minmay_the_grid_square_5x5_eight,
          minmay_the_grid_square_5x5_prize_monsterx,
          minmay_the_grid_square_5x5_inset,
          minmay_the_grid_square_5x5_prize_waves,
          minmay_the_grid_square_5x5_corner, minmay_the_grid_square_5x5_lines,
          minmay_the_grid_square_5x5_hourglass,
          minmay_the_grid_square_5x5_inner_z,
          minmay_the_grid_square_5x5_inner_v, minmay_the_grid_square_5x5_empty],
          layout_basic, serial_shops, kennysheep_little_box, uniq_harold
D:12:     layout_small_grid, kennysheep_generic_room_9
D:13:     layout_cave_pods, david_vaults_2, enter_bailey_2,
          nicolae_qazlal_style_of_elements
Temple:   regret_index_temple_sphere_string

Skill      XL: |  1  2  3  4  5  6  7  8  9 10 11 12 |
---------------+-------------------------------------+-----
Fighting       | 3 4 5 6 7 8 9 |  9.0
Dodging        | 3 4 5 6 7 8 |  8.8
Unarmed Combat | 4 5 6 7 8 9 10 | 10.5
Invocations    | 3 4 6 7 |  7.8
Maces & Flails | 3 |  3.6
Long Blades    | |  0.4
Stealth        | |  1.1

Action                   |  1- 3 |  4- 6 |  7- 9 | 10-12 || total
-------------------------+-------+-------+-------+-------++-------
Melee: Unarmed           |   110 |   150 |   201 |   252 ||   713
       Punch             |     1 |     1 |     8 |    20 ||    30
       Morningstar       |       |       |       |    12 ||    12
       Scimitar          |       |       |       |     4 ||     4
Invok: Ancestor Life: Ba |       |       |     1 |       ||     1
       Recall Ancestor   |       |       |     1 |       ||     1
       Transference      |       |       |       |     1 ||     1
Evoke: Wand              |       |       |       |     1 ||     1
  Use: Scroll            |       |       |     5 |     5 ||    10
       Potion            |       |       |       |     1 ||     1
 Stab: Sleeping          |     5 |     3 |     2 |       ||    10
       Distracted        |       |       |     1 |     3 ||     4
Armor: Robe              |    39 |    29 |    93 |    17 ||   178
       Acid dragon scale |       |       |       |   196 ||   196
Dodge: Dodged            |    76 |    71 |   151 |   284 ||   582
